 Dungeon Crawl Stone Soup version 0.29.0-11-gd7f09526c8 (webtiles) character file.

Game seed: 6577559047948262024

168760 Lochraine the End of an Era (level 17, -2/136 (140) HPs)
             Began as a Demonspawn Gladiator on Sept 2, 2022.
             Was the Champion of Qazlal.
             Slain by an emperor scorpion (17 damage)
             ... on level 3 of the Spider Nest on Sept 3, 2022.
             The game lasted 01:52:09 (37253 turns).

Lochraine the End of an Era (Demonspawn Gladiator) Turns: 37253, Time: 01:52:10

HP:   -2/136 (140)  AC: 32    Str: 18 (22) XL:     17   Next: 34%
MP:   0/47          EV:  8    Int: 16 (18) God:    Qazlal [******]
Gold: 2886          SH: 22    Dex: 13 (16) Spells: 16/16 levels left

rFire   . . .      SeeInvis .   v - +10 war axe "Killer Klown's Death" {freeze, rPois Int+5}
rCold   . . .      Faith    .   M - +2 kite shield of Vasiu {Int+2}
rNeg    . . .      Spirit   .   g - +8 chain mail "Yfrosk" {rPois MP+9}
rPois   +          Reflect  .   f - +0 helmet
rElec   +          Harm     .   U - +0 cloak
rCorr   .          Rampage  .   (gloves unavailable)
Will    ++...                   i - +0 pair of boots of the Equator {MP+9 Dex+2}
Stlth   ..........              a - amulet of the acrobat
HPRegen 0.32/turn               b - +4 ring of slaying
MPRegen 0.30/turn               O - ring of willpower

@: protected from physical damage, lightly drained, repel missiles
A: claws 3, thin metallic scales 3, foul stench 2, spiny 2
a: Renounce Religion, Upheaval, Elemental Force, Disaster Area


You were on level 3 of the Spider Nest.
You worshipped Qazlal.
Qazlal was exalted by your worship.
You visited 6 branches of the dungeon, and saw 28 of its levels.
You also visited: Ice Cave.

You collected 3228 gold pieces.
You spent 342 gold pieces at shops.

Inventory:

Hand Weapons
 v - the +10 war axe "Killer Klown's Death" (weapon) {freeze, rPois Int+5}
   (You found it on level 4 of the Lair of Beasts)

   It freezes those it strikes, dealing additional cold damage.
   It can also slow down cold-blooded creatures.
   Int:       It affects your intelligence (+5).
   rPois:     It protects you from poison.
Missiles
 y - 6 throwing nets (quivered) {!f}
Armour
 f - a +0 helmet (worn)
   (You found it on level 5 of the Dungeon)
 g - the +8 chain mail "Yfrosk" (worn) {rPois MP+9}
   (You found it on level 2 of the Spider Nest)

   rPois:     It protects you from poison.
   MP:        It affects your magic capacity (+9).
 i - the +0 pair of boots of the Equator (worn) {MP+9 Dex+2}
   (You bought it in a shop on level 2 of the Orcish Mines)

   Dex:       It affects your dexterity (+2).
   MP:        It affects your magic capacity (+9).
 q - the +1 chain mail of Gozag's Generosity {rF+ rC+ rN++}
   (You bought it in a shop on level 2 of the Orcish Mines)

   rF:        It protects you from fire.
   rC:        It protects you from cold.
   rN:        It greatly protects you from negative energy.
 M - the +2 kite shield of Vasiu (worn) {Int+2}
   (You acquired it on level 6 of the Dungeon)

   Int:       It affects your intelligence (+2).
 U - a +0 cloak (worn)
   (You took it off Crazy Yiuf on level 6 of the Dungeon)
Magical Staves
 e - a staff of conjuration {!a}
   (You found it on level 2 of the Dungeon)
Jewellery
 a - an amulet of the acrobat (around neck)
   (You found it on level 4 of the Spider Nest)
 b - a +4 ring of slaying (left claw)
   (You found it on level 4 of the Lair of Beasts)
 m - a ring of fire
   (You found it on level 1 of the Lair of Beasts)
 o - a ring of protection from cold
   (You took it off an orc wizard on level 5 of the Dungeon)
 x - a ring of willpower
   (You took it off Lodul on level 11 of the Dungeon)
 E - an amulet of reflection
   (You found it on level 2 of the Spider Nest)
 O - a ring of willpower (right claw)
   (You found it on level 2 of the Lair of Beasts)
 Z - a ring of positive energy
   (You found it on level 2 of the Spider Nest)
Wands
 l - a wand of roots (4)
   (You found it on level 8 of the Dungeon)
 r - a wand of polymorph (2)
   (You found it on level 1 of the Lair of Beasts)
 t - a wand of flame (58)
   (You found it on level 7 of the Dungeon)
 H - a wand of charming (44)
   (You took it off Ijyb on level 3 of the Dungeon)
 L - a wand of light (10)
   (You found it on level 12 of the Dungeon)
 S - a wand of mindburst (3)
   (You found it on level 4 of the Dungeon)
Scrolls
 j - a scroll of enchant armour
 n - 4 scrolls of vulnerability {!r}
 p - a scroll of enchant weapon
 s - a scroll of poison
 w - 2 scrolls of immolation {!r}
 z - 7 scrolls of fog
 A - 2 scrolls of silence
 N - 7 scrolls of identify {@r1}
 P - 2 scrolls of magic mapping
 R - 8 scrolls of teleportation {@r4}
 X - a scroll of brand weapon
Potions
 h - 13 potions of curing {@q1}
 k - 5 potions of flight
 u - 3 potions of brilliance
 B - a potion of berserk rage
 C - 2 potions of haste {@q3}
 F - 4 potions of attraction {!q}
 G - 4 potions of cancellation
 I - 3 potions of might
 J - 6 potions of mutation {!q}
 K - 5 potions of lignification {!q}
 T - a potion of invisibility
 V - 3 potions of ambrosia
 Y - 4 potions of magic
Miscellaneous
 D - a phial of floods (inert)
   (You found it on level 10 of the Dungeon)
 Q - a lightning rod (2/4) {!a}
   (You found it on level 6 of the Dungeon)


   Skills:
 + Level 14.9 Fighting
 + Level 14.5 Axes
 - Level 1.7 Throwing
 + Level 12.9 Armour
 - Level 5.0 Dodging
 + Level 12.7 Shields
 + Level 17.2 Invocations
 - Level 3.5 Evocations


You had 16 spell levels left.
You didn't know any spells.
Your spell library contained the following spells:

 Spells                   Type           Power      Damage    Failure   Level
 Apportation              Tloc           0%         N/A       98%         1
 Necrotise                Necr           0%         1d4       98%         1
 Slow                     Hex            0%         N/A       98%         1
 Summon Small Mammal      Summ           0%         N/A       98%         1
 Blink                    Tloc           0%         N/A       99%         2
 Sublimation of Blood     Necr           0%         N/A       99%         2
 Wereblood                Tmut           0%         N/A       99%         2
 Confusing Touch          Hex            0%         N/A       100%        3
 Inner Flame              Hex/Fire       0%         N/A       100%        3
 Lesser Beckoning         Tloc           0%         N/A       100%        3
 Vampiric Draining        Necr           0%         2d6       100%        3
 Animate Armour           Summ/Erth      0%         N/A       100%        4
 Cause Fear               Hex            0%         N/A       100%        4
 Hailstorm                Conj/Ice       0%         3d3       100%        4
 Ice Form                 Ice/Tmut       0%         N/A       100%        4
 Petrify                  Tmut/Erth      0%         N/A       100%        4
 Blade Hands              Tmut           0%         N/A       100%        5
 Borgnjor's Vile Clutch   Necr/Erth      0%         N/A       100%        5
 Irradiate                Conj/Tmut      0%         3d11      100%        5
 Manifold Assault         Tloc           0%         N/A       100%        5
 Iron Shot                Conj/Erth      0%         9d1       100%        6
 Simulacrum               Ice/Necr       0%         N/A       100%        6
 Storm Form               Tmut/Air       0%         N/A       100%        7
 Summon Hydra             Summ           0%         N/A       100%        7
 Discord                  Hex            0%         N/A       100%        8


Dungeon Overview and Level Annotations

Branches:
Dungeon (15/15) Zot: 25644  Temple (1/1) D:5 Zot: 5379    Lair (5/5) D:10 Zot: 23238
  Swamp (0/4) Lair:3       Spider (4/4) Lair:2 Zot: 17127   Slime (0/5) Lair:5
    Orc (2/2) D:10 Zot: 9511     Elf (1/3) Orc:2 Zot: 5998  Vaults (0/5) D:13
  IceCv (visited)
 Depths: D:15

Altars:
Ashenzari
Cheibriados
Dithmenos
Fedhas
Gozag
Hepliaklqana
Kikubaaqudgha
Makhleb
Nemelex Xobeh
Okawaru
Qazlal
Ru
Sif Muna
Trog
Uskayaw
Vehumet
Wu Jian
Xom
Yredelemnul
Jiyva

Shops:
D:3 :   D:7 :   Orc:2 =([([

Annotations:
D:3 3 runed translucent doors, Pim's ghost, amateur DsBe
D:6 2 runed translucent doors
Spider:2 2 transporters, Dyzek's ghost, adept DsIE


Innate Abilities, Weirdness & Mutations

You have claws for hands.
You are completely covered in thin metallic scales. (AC +4, rElec)
You sometimes emit foul miasma when damaged in melee.
You are mostly covered in sharp spines.


Message History

Unknown command.
You feel sick.
You feel you are being watched by something.
You feel your power leaking away. Something hits you but does no damage.
Something hits you!
* * * LOW HITPOINT WARNING * * *
Something stings you but does no damage.
You feel you are being watched by something.
You feel your power leaking away. Something hits you.
* * * LOW HITPOINT WARNING * * *
Something hits you but does no damage.
Something stings you but does no damage.
The emperor scorpion is engulfed in dark miasma.
The emperor scorpion looks as sick as possible!
You block the emperor scorpion's attack. x3
You climb upwards.
Reactivating autopickup.
* * * LOW HITPOINT WARNING * * *
You feel very sick.
There is a stone staircase leading down here.
Unknown command.
Unknown command.
You feel better.
You feel you are being watched by something.
You feel your power leaking away. Something hits you but does no damage.
Deactivating autopickup; reactivate with Ctrl-A.
Something hits you but does no damage. Something stings you!
* * * LOW HITPOINT WARNING * * *
Okay, then.
Unknown command.
Okay, then.
Unknown command.
Unknown command.
Okay, then.
Unknown command.
Unknown command.
Okay, then.
Unknown command.
Unknown command.
Here: an emperor scorpion (heavily wounded, extremely poisoned, slow, waterlogged)
The floor.
Unknown command.
You feel better.
The emperor scorpion is struck by your spines.
The emperor scorpion stings you!
You die...

......#########..[.###..###≈###
.#....# #...###.#..# ## ###.###
#...##.....# # ###
########.....#### #
#####..##..^...###..## #
#...................^# #
#.^......°°..........# #
#......☼..☼.........##
#........@s§.......##
##.......#§○.....####
#.....####○.^......#
########...........##
##^...........# #........#...##
##^......##### ##....### #....#


You could see an emperor scorpion (extremely poisoned, slow, waterlogged).

Vanquished Creatures
  Nikola (Spider:2)
  Arachne (Spider:2)
  An Ice Fiend (IceCv)
  Asterion (Spider:2)
  Kirke (D:13)
  6 emperor scorpions
  An orc warlord (Orc:2)
  3 ghost moths
  A broodmother (Spider:2)
  A very ugly thing (IceCv)
  Nessos (Lair:4)
  2 spark wasps
  Azrael (Spider:2)
  Josephine (D:14)
  Harold (D:11)
  3 caustic shrike simulacra (IceCv)
  Fannar (Lair:2)
  5 hydras
  A rakshasa (D:15)
  7 boulder beetles
  3 radroaches
  3 jorogumos (Spider:4)
  2 two-headed ogres
  2 centaur warriors
  7 dancing weapons (Spider:2)
  5 death yaks (Lair:5)
  An orc high priest (Orc:2)
  Sonja (Lair:4)
  A fire crab (Lair:5)
  A deep elf knight (D:13)
  6 pharaoh ants
  Lodul (D:11)
  A skeletal warrior (D:13)
  A sea snake (Lair:5)
  5 sun moths
  3 steelbarb worms
  A glowing orange brain (D:15)
  10 orb spiders
  A spriggan simulacrum (IceCv)
  2 obsidian statues (IceCv)
  Pikel (D:8)
  2 bog bodies (IceCv)
  A lindwurm (Lair:3)
  A harpy (Lair:5)
  16 ugly things
  2 orc knights
  4 deep elf pyromancers
  2 deep elf zephyrmancers (D:13)
  A wizard (D:15)
  31 wolf spiders
  6 cyclopes
  3 orc sorcerers
  A mana viper (shapeshifter) (D:15)
  2 moths of wrath
  4 manticores
  20 elephants
  Joseph (D:7)
  2 black mambas (Lair:5)
  4 torpor snails
  An unseen horror (D:7)
  10 cane toads
  A kobold demonologist (D:11)
  Psyche (D:8)
  5 demonic crawlers
  2 rime drakes
  4 centaur skeletons (D:13)
  3 anaconda simulacra (IceCv)
  3 tengu conjurers (D:15)
  An ice devil (IceCv)
  8 komodo dragons
  2 freezing wraiths (IceCv)
  6 trolls
  3 golden dragon simulacra (IceCv)
  10 meliai
  3 polar bears
  2 hornets
  A polar bear (shapeshifter) (D:13)
  36 tarantellas
  16 slime creatures
  21 jumping spiders
  Sigmund (D:3)
  3 wyverns
  21 culicivoras
  9 wraiths
  A shadow (D:12)
  3 dire elephant simulacra
  45 yaks
  3 fire elementals
  3 hogs (D:13)
  4 basilisks
  Grum (D:10)
  A steam dragon (Lair:5)
  41 redbacks
  A harpy simulacrum (Spider:2)
  10 vampire mosquitoes
  3 hydra simulacra (IceCv)
  A warg (Orc:2)
  2 acid dragons (D:11)
  9 water moccasins
  2 hell hounds (Spider:2)
  4 sky beasts
  An ice beast (D:6)
  28 orc warriors
  An ettin simulacrum (IceCv)
  3 alligator simulacra
  33 wolves
  6 ogres
  A boggart (D:13)
  11 centaurs
  3 phantoms
  11 bullfrogs
  A necrophage (D:6)
  6 kobold brigands
  3 gnoll sergeants
  3 scorpions
  2 deep troll simulacra (Spider:2)
  5 wights (D:7)
  11 killer bees (D:10)
  A lindwurm simulacrum (Spider:2)
  6 electric eels
  11 howler monkeys
  Crazy Yiuf (D:6)
  A gnoll bouda (D:5)
  3 hounds
  2 jellies
  19 orc priests
  Terence (D:3)
  Ijyb (D:3)
  5 iguanas
  7 hell rats (Lair:5)
  25 orc wizards
  Robin (D:3)
  12 adders
  20 gnolls
  3 shadow imps
  2 white imps (D:5)
  4 worms
  3 dart slugs
  98 orcs
  5 ball pythons
  7 bats
  10 endoplasms
  7 giant cockroaches
  18 goblins
  14 hobgoblins
  6 jackals
  8 quokkas
  5 frilled lizards
  24 kobolds
  6 rats
973 creatures vanquished.

Vanquished Creatures (collateral kills)
  A hydra (D:15)
  A merfolk avatar (Lair:5)
  A lindwurm (Lair:5)
  A polar bear (Lair:5)
  A basilisk (Lair:5)
  A wyvern (Lair:5)
  A steam dragon (Lair:5)
  A centaur (D:15)
  An orc wizard (D:8)
  An orc (D:8)
10 creatures vanquished.

Vanquished Creatures (others)
  An orb spider (Spider:4)
  A manticore (Lair:5)
  A snapping turtle (Lair:5)
  A yak (D:8)
  A water moccasin (Lair:5)
  An ogre (D:11)
  An orc wizard (Orc:2)
  A gnoll (D:5)
  2 demonic plants (D:2)
  31 fungi
  51 plants
  A withered plant (D:2)
93 creatures vanquished.

Grand Total: 1076 creatures vanquished

Notes
Turn   | Place    | Note
-------+----------+-------------------------------------------
     0 | D:1      | Lochraine the Demonspawn Gladiator began the quest for the
                  | Orb.
     0 | D:1      | Reached XP level 1. HP: 16/16 MP: 1/1
   255 | D:1      | Gained mutation: You have sharp fingernails. [demonic
                  | ancestry]
   255 | D:1      | Reached XP level 2. HP: 22/22 MP: 2/2
   643 | D:1      | Reached XP level 3. HP: 28/28 MP: 3/3
  1287 | D:2      | Found a faded altar of an unknown god.
  1471 | D:2      | Got the Textbook on Transformation and the Geologist
  1744 | D:2      | Reached XP level 4. HP: 29/34 MP: 4/4
  2108 | D:3      | Noticed Robin
  2131 | D:3      | Killed Robin
  2397 | D:3      | Noticed Sigmund
  2585 | D:3      | Noticed Terence
  2631 | D:3      | Killed Terence
  2632 | D:3      | Gained mutation: You may rarely emit foul miasma when
                  | damaged in melee. [demonic ancestry]
  2632 | D:3      | Reached XP level 5. HP: 27/41 MP: 5/5
  2810 | D:3      | Killed Sigmund
  2811 | D:3      | Gained mutation: You have very sharp fingernails. [demonic
                  | ancestry]
  2811 | D:3      | Reached XP level 6. HP: 33/48 MP: 6/6
  3005 | D:3      | Found a runed translucent gate.
  3006 | D:3      | Found a runed translucent gate.
  3007 | D:3      | Found a runed translucent gate.
  3008 | D:3      | Found an opulent altar of Gozag.
  3010 | D:3      | Noticed Pim's ghost (amateur DsBe)
  3029 | D:3      | Noticed Ijyb
  3046 | D:3      | Killed Ijyb
  3047 | D:3      | Reached skill level 5 in Axes
  3303 | D:3      | Found Amoyck's Book Emporium.
  4306 | D:4      | Reached XP level 7. HP: 15/54 MP: 7/7
  5133 | D:5      | Entered Level 5 of the Dungeon
  6069 | D:5      | Found a staircase to the Ecumenical Temple.
  6074 | Temple   | Entered the Ecumenical Temple
  6638 | Temple   | Became a worshipper of Qazlal Stormbringer
  7638 | D:6      | Reached skill level 5 in Fighting
  7638 | D:6      | Reached skill level 5 in Dodging
  7638 | D:6      | Reached XP level 8. HP: 49/62 MP: 8/8
  7750 | D:6      | Found a large runed translucent door.
  7750 | D:6      | Found a large runed translucent door.
  7764 | D:6      | Reached * piety under Qazlal
  7765 | D:6      | Reached skill level 1 in Invocations
  7783 | D:6      | Reached skill level 1 in Armour
  7818 | D:6      | Reached skill level 2 in Invocations
  8056 | D:6      | Found a large runed translucent door.
  8056 | D:6      | Found a large runed translucent door.
  8182 | D:6      | Identified a scroll of acquirement
  8182 | D:6      | Acquired the +2 kite shield of Vasiu {Int+2}
  8499 | D:6      | Reached skill level 3 in Invocations
  8577 | D:6      | Reached skill level 1 in Shields
  8816 | D:6      | Found a runed translucent door.
  8817 | D:6      | Noticed Crazy Yiuf
  8872 | D:6      | Gained mutation: You are partially covered in thin metallic
                  | scales. (AC +2) [demonic ancestry]
  8872 | D:6      | Reached XP level 9. HP: 62/69 MP: 11/11
  9065 | D:6      | Reached skill level 4 in Invocations
  9157 | D:6      | Killed Crazy Yiuf
  9579 | D:7      | Noticed Joseph
  9873 | D:7      | Killed Joseph
  9874 | D:7      | Reached skill level 5 in Invocations
  9995 | D:7      | Found Fiykkoy's Book Boutique.
 10363 | D:7      | Killed an unseen horror
 10805 | D:8      | Reached skill level 6 in Invocations
 11190 | D:8      | Reached XP level 10. HP: 79/79 MP: 14/14
 11351 | D:8      | Noticed Psyche
 11369 | D:8      | Killed Psyche
 11370 | D:8      | Reached skill level 1 in Evocations
 11611 | D:8      | Found an opulent altar of Gozag.
 11648 | D:8      | Noticed Pikel
 11662 | D:8      | Killed Pikel
 12039 | D:9      | Paralysed by a hornet for 1 turns
 12044 | D:9      | Reached skill level 5 in Armour
 12162 | D:9      | Noticed a two-headed ogre
 12167 | D:9      | Killed a two-headed ogre
 12337 | D:9      | Reached ** piety under Qazlal
 13125 | D:10     | Entered Level 10 of the Dungeon
 13143 | D:10     | Reached skill level 5 in Shields
 13445 | D:10     | Gained mutation: You are mostly covered in thin metallic
                  | scales. (AC +3) [demonic ancestry]
 13445 | D:10     | Reached XP level 11. HP: 86/86 MP: 15/15
 13573 | D:10     | Found a staircase to the Orcish Mines.
 13978 | D:10     | Found a staircase to the Lair.
 14061 | D:10     | Reached skill level 7 in Invocations
 14369 | D:10     | Noticed Grum
 14377 | D:10     | Killed Grum
 14578 | Lair:1   | Entered Level 1 of the Lair of Beasts
 14835 | Lair:1   | Reached *** piety under Qazlal
 15037 | Lair:1   | Reached skill level 8 in Invocations
 15877 | Lair:2   | Reached skill level 10 in Axes
 15901 | Lair:2   | Identified the +0 plate armour of the Elephant {rPois rF-
                  | Will+ rCorr}
 16066 | Lair:2   | Found a hole to the Spider Nest.
 16206 | Lair:2   | Found a burning altar of Makhleb.
 16324 | Lair:2   | Gained mutation: You are completely covered in thin
                  | metallic scales. (AC +4, rElec) [demonic ancestry]
 16324 | Lair:2   | Reached XP level 12. HP: 96/96 MP: 18/18
 16358 | Lair:2   | Noticed Fannar
 16364 | Lair:2   | Killed Fannar
 16474 | Lair:2   | Reached skill level 9 in Invocations
 17061 | Lair:3   | Found a staircase to the Swamp.
 18045 | Lair:4   | Noticed Nessos
 18070 | Lair:4   | Killed Nessos
 18071 | Lair:4   | Reached skill level 10 in Fighting
 18221 | Lair:4   | Reached skill level 10 in Invocations
 18387 | Lair:4   | Identified the +10 war axe "Killer Klown's Death" {freeze,
                  | rPois Int+5}
 18633 | Lair:4   | Noticed Sonja
 18638 | Lair:4   | Killed Sonja
 18659 | Lair:4   | Reached **** piety under Qazlal
 18737 | Lair:4   | Gained mutation: You sometimes emit foul miasma when
                  | damaged in melee. [demonic ancestry]
 18737 | Lair:4   | Reached XP level 13. HP: 98/104 MP: 21/21
 19304 | Lair:5   | Entered Level 5 of the Lair of Beasts
 19654 | Lair:5   | Reached skill level 11 in Invocations
 19705 | Lair:5   | HP: 4/105 [lindwurm (6)]
 20494 | Lair:5   | Reached skill level 12 in Invocations
 20668 | Lair:5   | Found a viscous altar of Jiyva.
 20668 | Lair:5   | Found a staircase to the Slime Pits.
 21041 | Lair:5   | Found the +7 captain's cutlass {speed, disarm}
 21273 | Orc:1    | Entered Level 1 of the Orcish Mines
 21378 | Orc:2    | Entered Level 2 of the Orcish Mines
 21378 | Orc:2    | Found Piull's Antique Weapon Shoppe.
 21458 | Orc:2    | Found a staircase to the Elven Halls.
 21554 | Orc:2    | Found Gittyjuce's Jewellery Shoppe.
 21845 | Orc:2    | Noticed an orc warlord
 21860 | Orc:2    | Acquired 375 gold pieces
 21876 | Orc:2    | Killed an orc warlord
 21889 | Orc:2    | Gained mutation: You are partially covered in sharp spines.
                  | [demonic ancestry]
 21889 | Orc:2    | Reached XP level 14. HP: 25/113 MP: 23/23
 22299 | Orc:2    | Found Oxur Me Goe's Antique Weapon Boutique.
 22301 | Orc:2    | Found Muiffukk's Antique Armour Shop.
 22308 | Orc:2    | Bought a pair of masterwork boots for 171 gold pieces
 22308 | Orc:2    | Identified the +0 pair of boots of the Equator {MP+9 Dex+2}
                  | (You bought it in a shop on level 2 of the Orcish Mines)
 22324 | Orc:2    | Bought a scorched chain mail for 171 gold pieces
 22324 | Orc:2    | Identified the +1 chain mail of Gozag's Generosity {rF+ rC+
                  | rN++} (You bought it in a shop on level 2 of the Orcish
                  | Mines)
 22527 | Orc:2    | Found Duinagud's Antique Armour Boutique.
 23068 | Orc:1    | Reached ***** piety under Qazlal
 24045 | D:11     | Noticed Lodul
 24062 | D:11     | Killed Lodul
 24088 | D:11     | Reached skill level 13 in Invocations
 24091 | D:11     | Reached skill level 10 in Armour
 24743 | D:11     | Noticed Harold
 24753 | D:11     | Killed Harold
 25970 | D:13     | Reached skill level 10 in Shields
 25976 | D:13     | Noticed Kirke
 26075 | D:13     | Killed Kirke
 26503 | D:13     | Found a gate to the Vaults.
 26769 | D:13     | Found a shadowy altar of Dithmenos.
 26963 | D:14     | Reached ****** piety under Qazlal
 26969 | D:14     | Noticed Josephine
 26982 | D:14     | Killed Josephine
 27268 | D:14     | Gained mutation: You are mostly covered in sharp spines.
                  | [demonic ancestry]
 27268 | D:14     | Reached XP level 15. HP: 116/122 MP: 25/25
 27275 | D:14     | Reached skill level 14 in Invocations
 27658 | D:14     | Found a sacrificial altar of Ru.
 27822 | D:15     | Entered Level 15 of the Dungeon
 29155 | Elf:1    | Entered Level 1 of the Elven Halls
 29258 | Spider:1 | Entered Level 1 of the Spider Nest
 30613 | Spider:1 | Identified the +8 glaive "Dykis" {holy, Fragile rN+ Will+}
 30874 | Spider:2 | Found a frozen archway.
 30890 | Spider:2 | Noticed Azrael
 30891 | Spider:2 | Noticed an emperor scorpion
 31239 | Spider:2 | Reached skill level 15 in Invocations
 31317 | Spider:2 | Killed an emperor scorpion
 31461 | IceCv    | Entered an ice cave
 32001 | IceCv    | Noticed an Ice Fiend
 32007 | IceCv    | Killed an Ice Fiend
 32589 | Spider:2 | Killed Azrael
 32684 | Spider:2 | Reached XP level 16. HP: 118/131 MP: 27/27
 32875 | Spider:2 | Noticed Asterion
 32884 | Spider:2 | Killed Asterion
 33040 | Spider:2 | Noticed Nikola
 33047 | Spider:2 | Killed Nikola
 33342 | Spider:2 | Noticed Arachne
 33358 | Spider:2 | Killed Arachne
 33849 | Spider:2 | Found a transporter.
 33893 | Spider:2 | Noticed Dyzek's ghost (adept DsIE)
 33925 | Spider:2 | Found a transporter.
 33942 | Spider:2 | Found a runed translucent door.
 34367 | Spider:2 | Reached skill level 16 in Invocations
 34396 | Spider:2 | Identified the +8 chain mail "Yfrosk" {rPois MP+9}
 35654 | Spider:4 | Entered Level 4 of the Spider Nest
 36188 | Spider:4 | Gained mutation: You have claws for hands. [demonic
                  | ancestry]
 36188 | Spider:4 | Reached XP level 17. HP: 131/140 MP: 29/29
 36293 | Spider:4 | Reached skill level 17 in Invocations
 36841 | Spider:4 | HP: 3/136 [something (8)]
 37251 | Spider:3 | HP: 6/136 [poisoned by an emperor scorpion]
 37253 | Spider:3 | Slain by an emperor scorpion

Illustrated notes

Levels and vault maps discovered:
D:1:      nzn_arrival_crosshair, layout_basic
D:2:      layout_basic, shapermc_ecumenical_altar_gd, minmay_3d_cube
D:3:      layout_rooms, ebering_ghost_gozag, serial_shops,
          nicolae_lakefront_shop, kennysheep_generic_room_7, uniq_terence,
          uniq_ijyb, uniq_sigmund, uniq_robin
D:4:      layout_gridville
D:5:      layout_basic, temple_statues, nicolae_elevator_lobby_plus
D:6:      layout_loops_cross, minivault_25, small_statue_alley_b,
          minmay_hollow_rounded_squares, uniq_crazy_yiuf_cottage
D:7:      layout_rooms, serial_shops, nicolae_shop_advertising_works
          [nicolae_subvault_shop_adworks], minmay_microvault, uniq_joseph
D:8:      layout_rooms, nicolae_gozag_seed_capital, enter_bailey_5, uniq_pikel,
          uniq_psyche
D:9:      layout_stronghold
D:10:     layout_loops_ring, lair_entry_dummy, orc_0_dummy, uniq_grum
D:11:     minmay_slanted_spiral_squares, layout_basic, gauntlet_entry_generic,
          uniq_lodul, uniq_harold
D:12:     layout_basic
D:13:     layout_basic, hangedman_vaults_entry_quadrant_bands,
          nicolae_dithmenos_through_a_glass_darkly, uniq_kirke
D:14:     layout_rooms, hangedman_ru_absence, nicolae_lava_and_water,
          due_unseen_surprise, uniq_josephine
D:15:     gammafunk_enter_depths_forms, layout_loops_cross,
          chequers_decorated_corner
Temple:   mainiacjoe_temple_starburst
Lair:1:   layout_gridlike, chequers_serial_rivers_small_b
Lair:2:   layout_cave_pods, dummy_spider_entry, basic_altar, uniq_fannar
Lair:3:   layout_gridlike, swamp_mist, serial_bayou_lagoon_b
Lair:4:   layout_cave_pods, uniq_nessos, uniq_sonja
Lair:5:   gammafunk_lair_ancient_temple, layout_loops_ring, slime_entry_1
Spider:1: layout_chambers
Spider:2: cheibrodos_spider_deadly_dance, portal_ice_cave_entry_ice_simulacra,
          gammafunk_ghost_mausoleum, uniq_arachne, uniq_nikola, uniq_azrael,
          uniq_asterion
Spider:3: layout_spider_delve, drop_trap
Spider:4: johnstein_spider_rune_arachne_lair
Orc:1:    layout_diamond_mine, lightli_orcish_oven
Orc:2:    grunt_orc_community_town_hall, layout_diamond_mine,
          grunt_orc_community_big_house_1, grunt_orc_community_big_house_1,
          grunt_orc_community_house_3, grunt_orc_community_house_2,
          grunt_orc_community_house_3, grunt_orc_community_house_1,
          serial_shops, shop, basic_altar
Elf:1:    minmay_elf_arrival_circle, layout_loops_corners,
          minmay_elf_annihilation

Skill      XL: |  1  2  3  4  5  6  7  8  9 10 11 12 13 14 15 16 17 |
---------------+----------------------------------------------------+-----
Axes           | 3 4 5 6 7 8 9 10 11 12 13 14 | 14.5
Dodging        | 3 4 5 |  5.0
Fighting       | 3 4 5 6 7 8 9 10 11 12 13 14 | 14.9
Invocations    | 3 6 8 10 12 13 15 16 17 | 17.2
Armour         | 2 4 5 7 8 9 10 11 12 | 12.9
Shields        | 1 3 5 6 8 9 10 11 12 | 12.7
Evocations     | 3 |  3.5
Throwing       | |  1.7

Action                   |  1- 3 |  4- 6 |  7- 9 | 10-12 | 13-15 | 16-18 || total
-------------------------+-------+-------+-------+-------+-------+-------++-------
Melee: War axe           |   118 |   180 |   219 |   395 |   990 |   347 ||  2249
       Punch             |     1 |     2 |     1 |       |       |       ||     4
       Falchion          |       |       |    22 |       |       |       ||    22
       Hand axe          |       |       |     9 |       |       |       ||     9
       Unarmed           |       |       |       |       |     1 |       ||     1
Throw: Throwing net      |       |     4 |     2 |       |       |       ||     6
       Javelin           |       |     4 |    14 |     5 |     4 |       ||    27
Invok: Upheaval          |       |       |       |     7 |    14 |    17 ||    38
       Elemental Force   |       |       |       |       |     2 |       ||     2
       Disaster Area     |       |       |       |       |     1 |     1 ||     2
Evoke: Wand              |       |       |     9 |     5 |    18 |     5 ||    37
       Lightning rod     |       |       |       |     4 |       |     4 ||     8
       Phial of floods   |       |       |       |     1 |     4 |     2 ||     7
  Use: Potion            |       |     3 |     4 |       |     5 |     5 ||    17
       Scroll            |       |     7 |    10 |     8 |    15 |     3 ||    43
 Stab: Distracted        |     1 |       |     1 |     1 |     1 |       ||     4
       Held in net/web   |       |     1 |     1 |       |       |       ||     2
       Paralysed         |       |       |       |       |     5 |       ||     5
       Invisible         |       |       |       |       |     3 |       ||     3
Armor: Leather armour    |    32 |       |    49 |    44 |       |       ||   125
       Ring mail         |     2 |   126 |    20 |       |       |       ||   148
       Chain mail        |       |       |    60 |       |   259 |   236 ||   555
       Plate armour      |       |       |       |    98 |   102 |       ||   200
Dodge: Dodged            |    76 |   179 |    96 |   106 |   183 |    93 ||   733
       Repelled          |       |       |       |       |     5 |     1 ||     6
Block: Kite shield       |       |       |    66 |   283 |  1002 |   487 ||  1838
       Other             |       |       |     2 |       |       |       ||     2
       Reflection        |       |       |       |       |       |     2 ||     2
